 Dungeon Sprint DCSS version 0.31-a0-662-g684573625c (webtiles) character file.

Game seed: 5514805639251618541

110 sircluck the Sneak (level 5, -3/34 HPs)
             Began as a Kobold Brigand on Aug 31, 2023.
             Slain by Sigmund
             ... wielding a +0 scythe
              (6 damage)
             ... in the Dungeon (Sprint I: "Red Sonja").
             The game lasted 00:00:24 (160 turns).

sircluck the Sneak (Kobold Brigand)                  Turns: 160, Time: 00:00:24

Health: -3/34      AC:  3    Str: 11    XL:     5   Next: 14%
Magic:  5/5        EV: 16    Int: 12    God:
Gold:   27         SH:  0    Dex: 16    Spells: 4/4 levels left

rFire   . . .        a - +2 dagger
rCold   . . .        (no shield)
rNeg    . . .        b - +0 robe
rPois   .            (no helmet)
rElec   .            c - +0 cloak
rCorr   .            (no gloves)
SInv    .            (no boots)
Will    .....        (no amulet)
Stlth   +++          (no ring)
HPRegen 0.25/turn    (no ring)
MPRegen 0.09/turn

%: no teleportation
@: confused
A: small, no large weapons, nightstalker 3
a: no special abilities


You were in the Dungeon.
You visited 1 branch You collected 27 gold pieces.

Inventory:

Hand Weapons
 a - a +2 dagger (weapon)
Missiles
 d - 9 poisoned darts (quivered)
 e - 3 curare-tipped darts
Armour
 b - a +0 robe (worn)
 c - a +0 cloak (worn)
Wands
 l - a wand of flame (10)
Scrolls
 k - a scroll of blinking
Potions
 f - a potion of curing
 g - a potion of heal wounds
 h - a potion of haste
 i - 2 potions of magic
 j - a potion of berserk rage


   Skills:
 + Level 4.9 Fighting
 + Level 5.9 Short Blades
 + Level 4.9 Throwing
 + Level 4.9 Dodging
 + Level 7.9 Stealth


You had 4 spell levels left.
You didn't know any spells.
Your spell library was empty.

Dungeon Overview and Level Annotations

Branches:
Dungeon (1/1)

Altars:

Annotations:
D Sigmund


Innate Abilities, Weirdness & Mutations

You are small and have problems with some larger weapons.
You are completely attuned to the shadows.


Message History

Sigmund is lightly wounded.
Sigmund casts a spell at you.
You are confused.
Sigmund laughs darkly.
Sigmund points at you and mumbles some strange words.
The magic dart hits you.
There is an open door, spattered with blood here.
Sigmund completely misses you.
You bump into the rock wall.
Sigmund hits you with a +0 scythe. Sigmund casts a spell at you.
The magic dart hits you!
* * * LOW HITPOINT WARNING * * *
You hit Sigmund.
Sigmund is lightly wounded.
Sigmund gestures at you while chanting.
You are more confused.
You bump into the stone wall.
Sigmund closely misses you.
You're too confused to move!
You bump into the stone wall.
Sigmund points at you and mumbles some strange words.
You resist with some effort.
You bump into the rock wall.
Sigmund casts a spell at you.
You are more confused.
You hit Sigmund.
Sigmund is moderately wounded.
Sigmund mumbles some strange words.
Sigmund flickers and vanishes!
Deactivating autopickup; reactivate with Ctrl-A.
You hear some strange, mumbled words.
A puff of flame appears from out of thin air!
The puff of flame hits you!
* * * LOW HITPOINT WARNING * * *
There is an open door, spattered with blood here.
You hear some strange, mumbled words.
Something tries to affect you, but you resist.
You hit something. Something barely misses you.
You barely miss something. Your punch misses something.
You completely miss something. Something hits you.
You die...

#############
#<.#.)'..#.{+
#..'..#.)'@.#
#..#####'####
#..# #$.#
#..# ####
#..# #⌠⌠#
####


There were no monsters in sight!

Vanquished Creatures
  An ogre (D)
  Ijyb (D)
2 creatures vanquished.

Notes
Turn   | Place    | Note
-------+----------+-------------------------------------------
     0 | D        | sircluck the Kobold Brigand began the quest for the Orb.
     0 | D        | Reached XP level 1. HP: 12/12 MP: 1/1
   114 | D        | Noticed Ijyb
   120 | D        | Killed Ijyb
   121 | D        | Reached skill level 6 in Stealth
   121 | D        | Reached XP level 2. HP: 19/19 MP: 2/2
   121 | D        | Reached XP level 3. HP: 23/23 MP: 3/3
   123 | D        | Noticed an ogre
   126 | D        | Killed an ogre
   127 | D        | Reached skill level 5 in Short Blades
   127 | D        | Reached skill level 7 in Stealth
   127 | D        | Reached XP level 4. HP: 30/30 MP: 4/4
   127 | D        | Reached XP level 5. HP: 34/34 MP: 5/5
   128 | D        | Noticed Sigmund
   160 | D        | Slain by Sigmund

Illustrated notes

Levels and vault maps discovered:
D:        dungeon_sprint_1 [red_sonja_temple_1, red_sonja_temple_small_1]

Skill      XL: |  1  2  3 |
---------------+----------+-----
Fighting       | 3 4 |  4.9
Short Blades   | 4 5 |  5.9
Throwing       | 3 4 |  4.9
Dodging        | 3 4 |  4.9
Stealth        | 6 7 |  7.9

Action                     |  1- 3 |  4- 6 || total
---------------------------+-------+-------++-------
  Melee: Dagger            |     6 |    12 ||    18
   Stab: Sleeping          |     2 |       ||     2
 Armour: Robe              |       |     6 ||     6
  Dodge: Dodged            |     3 |     5 ||     8

Table legend: (Time is in decaauts)
 A = Elapsed time spent in this place.
 B = Non-inter-level travel time spent in this place.
 C = Inter-level travel time spent in this place.
 D = Time resting spent in this place.
 E = Time spent auto-exploring this place.
 F = Levels seen in this place.
 G = Mean time per level.
                   A        B        C        D        E       F      G
               +--------+--------+--------+--------+--------+-----+--------+
         Total |    155 |    155 |      0 |    100 |      0 |   1 |  155.0 |
       Dungeon |    155 |    155 |      0 |    100 |      0 |   1 |  155.0 |
               +--------+--------+--------+--------+--------+-----+--------+

Top non-repeatable levels by time:
       D: 155 daAuts
